 Dungeon Sprint DCSS version 0.18.1-48-g4cf74bf (webtiles) character file.

32 Groucho the Chopper (level 3, -6/36 HPs)
             Began as a Deep Dwarf Berserker on Aug 28, 2016.
             Was a Priest of Makhleb.
             Killed from afar by a deep elf mage (29 damage)
             ... with a bolt of fire
             ... in the Dungeon (Sprint VII: "The Pits").
             The game lasted 00:02:05 (387 turns).

Groucho the Chopper (Deep Dwarf Berserker)           Turns: 387, Time: 00:02:06

Health: -6/36      AC: 12    Str: 20    XL:     3   Next: 8%
Magic:  3/3        EV:  9    Int:  7    God:    Makhleb [***...]
Gold:   0          SH:  0    Dex: 13    Spells: 0 memorised, 2 levels left

rFire  . . .     SeeInvis .     k - +2 hand axe
rCold  . . .     Gourm    .     q - +3 chain mail
rNeg   . . .     Faith    .     (no shield)
rPois  .         Spirit   .     (no helmet)
rElec  .         Dismiss  .     (no cloak)
rCorr  .         Reflect  .     (no gloves)
SustAt .         Harm     .     (no boots)
MR     .....     NoTele   +     (no amulet)
Stlth  ..........               (no ring)
                                (no ring)

@: non-regenerating, not resistant to hostile enchantments, extremely unstealthy
A: damage resistance, recharge devices, sense surroundings 1, slow regeneration
3
a: Device Recharging, Minor Destruction, Lesser Servant of Makhleb, Renounce
Religion


You were in the Dungeon.
You worshipped Makhleb.
Makhleb was most pleased with you.
You were not hungry.

You visited 1 branch

Inventory:

Hand Weapons
 k - a +2 hand axe (weapon)
Missiles
 p - 10 stones (quivered)
Armour
 q - a +3 chain mail (worn)
Wands
 c - a wand of heal wounds (5/9)
Scrolls
 j - a scroll of blinking
 n - 3 scrolls of remove curse
 o - a scroll of summoning
Potions
 e - 6 potions of curing
 f - 5 potions of heal wounds
 g - a potion of haste
 h - 4 potions of magic
 i - 3 potions of berserk rage
 m - 2 potions of invisibility
Comestibles
 a - 40 fruits
 d - 8 bread rations
 l - 7 meat rations


   Skills:
 + Level 3.7 Fighting
 * Level 5.3 Axes
 + Level 3.6 Armour
 + Level 3.5 Dodging


You had 2 spell levels left.
You didn't know any spells.

Dungeon Overview and Level Annotations

Branches:
Dungeon (1/1)

Altars:
Ashenzari
Cheibriados
Dithmenos
Elyvilon
Fedhas
Gozag
Kikubaaqudgha
Makhleb
Nemelex Xobeh
Okawaru
Pakellas
Qazlal
Ru
Sif Muna
Trog
Vehumet
Xom
Yredelemnul
Zin
The Shining One
Beogh
Jiyva
Lugonu


Innate Abilities, Weirdness & Mutations

You are resistant to damage.
You can recharge devices by infusing magical energy.
You passively map a small area around you.
You do not regenerate naturally.


Message History

You hit the deep elf mage but do no damage.
The deep elf mage hits you but does no damage.
You barely miss the deep elf mage. The deep elf mage closely misses you.
You closely miss the deep elf mage. The deep elf mage barely misses you.
You hit the deep elf mage.
The deep elf mage is lightly wounded.
The deep elf mage mumbles some strange words.
You hear a bark!
You closely miss the deep elf mage.
The deep elf mage is lightly wounded.
You closely miss the fire elemental. The fire elemental hits you.
The fire elemental burns you! The deep elf mage barely misses you.
Your chain mail prevents you from hitting the deep elf mage.
The deep elf mage is lightly wounded.
You closely miss the fire elemental. The fire elemental hits you.
The fire elemental burns you! The deep elf mage casts a spell at you.
The bolt of fire hits you!
Ouch! That really hurt!
You die...

* * * ############*
, #__________# , ,
#__________# **
#_#####'############
#_#)))'.'..##.......
#_#)))#.#?|##......#
#######'#####.......
#oe@E...).).'.......
#h#####'#####......#
#.#..#..#[[##.......
#o#.÷'..#))#####'###
#.#.÷####))##.......
#e#..#..#))##.......
#h#..#..#..##.......
#.##'#..#'###...<...
#.#........##.......


You could see a deep elf mage, a fire elemental, an orc and a jackal.

Vanquished Creatures
  A river rat (D)
  2 ufetubi (D)
  An ooze (D)
  A hobgoblin (D)
  A quokka (D)
  A giant newt (D)
  3 kobolds (D)
10 creatures vanquished.

Notes
Turn   | Place    | Note
--------------------------------------------------------------
     0 | D        | Groucho the Deep Dwarf Berserker began the quest for the Orb.
     0 | D        | Reached XP level 1. HP: 20/20 MP: 1/1
    46 | D        | Found a sacrificial altar of Ru.
    46 | D        | Found a basalt altar of Yredelemnul.
    46 | D        | Found a shadowy altar of Dithmenos.
    46 | D        | Found a deep blue altar of Sif Muna.
    46 | D        | Found a burning altar of Makhleb.
    46 | D        | Found a shimmering altar of Xom.
    46 | D        | Found an ancient bone altar of Kikubaaqudgha.
    46 | D        | Found a sparkling altar of Nemelex Xobeh.
    47 | D        | Found a glowing golden altar of the Shining One.
    47 | D        | Found a bloodstained altar of Trog.
    47 | D        | Found a shattered altar of Ashenzari.
    47 | D        | Found a white marble altar of Elyvilon.
    47 | D        | Found a snail-covered altar of Cheibriados.
    47 | D        | Found a blossoming altar of Fedhas.
    47 | D        | Found a radiant altar of Vehumet.
    47 | D        | Found a glowing silver altar of Zin.
    47 | D        | Found a corrupted altar of Lugonu.
    47 | D        | Found a viscous altar of Jiyva.
    47 | D        | Found a roughly hewn altar of Beogh.
    47 | D        | Found an iron altar of Okawaru.
    48 | D        | Found an oddly glowing altar of Pakellas.
    53 | D        | Found a stormy altar of Qazlal.
    53 | D        | Found an opulent altar of Gozag.
    61 | D        | Fell from the grace of Trog
    61 | D        | Became a worshipper of Makhleb the Destroyer
    84 | D        | Reached * piety under Makhleb
    93 | D        | Reached skill level 4 in Axes
    93 | D        | Reached XP level 2. HP: 25/28 MP: 2/2
    98 | D        | Reached ** piety under Makhleb
   284 | D        | Reached skill level 5 in Axes
   291 | D        | Reached *** piety under Makhleb
   291 | D        | Reached XP level 3. HP: 32/36 MP: 3/3
   365 | D        | Noticed a deep elf mage
   365 | D        | Noticed a deep elf mage
   386 | D        | Noticed a fire elemental
   387 | D        | Killed from afar by a deep elf mage

Skill      XL: |  1  2 |
---------------+-------+-----
Fighting       | 3 |  3.7
Axes           | 4 5 |  5.3
Armour         | 3 |  3.6
Dodging        | 3 |  3.5

Action                   || total
-------------------------++-------
Melee: Hand axe          ||    39
  Use: Potion            ||     1
Armor: Animal skin       ||     3
       Chain mail        ||     4
Dodge: Dodged            ||    34
